 Dungeon Crawl Stone Soup version 0.30-a0-422-g946f4849ff (webtiles) character file.

Game seed: 97758742195185844

338 bande the Covered (level 6, -2/39 HPs)
             Began as a Gargoyle Fighter on Dec 8, 2022.
             Slain by a lemure (6 damage)
             ... led by Pikel
             ... on level 4 of the Dungeon.
             The game lasted 00:05:01 (3860 turns).

bande the Covered (Gargoyle Fighter)                Turns: 3860, Time: 00:05:02

Health: -2/39      AC: 17    Str: 19    XL:     6   Next: 55%
Magic:  6/6        EV:  8    Int:  9    God:
Gold:   164        SH: 10    Dex: 11    Spells: 5/5 levels left

rFire   . . .      SeeInvis .    a - +0 war axe (venom)
rCold   . . .      Faith    .    c - +0 buckler
rNeg    + + .      Spirit   .    s - +0 pearl dragon scales
rPois   ∞          Reflect  +    (no helmet)
rElec   +          Harm     .    i - +0 cloak
rCorr   .          Rampage  .    (no gloves)
Will    .....                    (no boots)
Stlth   ..........               e - amulet of reflection
HPRegen 0.26/turn                (no ring)
MPRegen 0.10/turn                (no ring)

@: no status effects
A: sickness immunity, AC +4, negative energy resistance 1, electricity
resistance, torment resistance 1, petrification resistance
a: no special abilities


You were on level 4 of the Dungeon.
You visited 1 branch of the dungeon, and saw 5 of its levels.

You collected 164 gold pieces.

Inventory:

Hand Weapons
 a - a +0 war axe of venom (weapon)
 q - a +3 short sword of flaming
 u - a +0 flail
Missiles
 t - 2 throwing nets (quivered)
Armour
 c - a +0 buckler (worn)
 i - a +0 cloak (worn)
 s - +0 pearl dragon scales (worn)
Jewellery
 e - an amulet of reflection (around neck)
 g - a ring of fire
Wands
 p - a wand of mindburst (9)
Scrolls
 k - a scroll of blinking
 m - 3 scrolls of teleportation
Potions
 d - a potion of might
 f - a potion of heal wounds {unknown}
 h - 2 potions of brilliance
 j - 2 potions of flight {unknown}
 l - a potion of mutation {unknown}
 n - a potion of cancellation {unknown}
 o - 4 potions of curing {unknown}
 r - a potion of lignification {unknown}


   Skills:
 + Level 4.3 Fighting
 + Level 4.0 Axes
 + Level 4.6 Armour
 + Level 4.5 Shields
 * Level 0.2 Evocations


You had 5 spell levels left.
You didn't know any spells.
Your spell library contained the following spells:

 Spells                   Type           Power      Damage    Failure   Level
 Necrotise                Necr           0%         1d4       88%         1
 Slow                     Hex            0%         N/A       88%         1
 Blink                    Tloc           0%         N/A       96%         2
 Wereblood                Tmut           0%         N/A       96%         2
 Confusing Touch          Hex            0%         N/A       99%         3
 Vampiric Draining        Necr           0%         2d6       99%         3
 Manifold Assault         Tloc           0%         N/A       100%        4
 Agony                    Necr           0%         N/A       100%        5
 Storm Form               Tmut/Air       0%         N/A       100%        7
 Summon Hydra             Summ           0%         N/A       100%        7
 Sublimation of Blood     Necr           Unusable   N/A       N/A         2

Dungeon Overview and Level Annotations

Branches:
Dungeon (5/15)
 Temple: D:4-7

Altars:
Ru
The Shining One

Annotations:
D:4 Pikel


Innate Abilities, Weirdness & Mutations

You are immune to sickness and miasma.
Your stone body is resilient. (AC +4)
You are immune to poison.
You resist negative energy. (rN+)
You are resistant to electric shocks. (rElec)
You are resistant to unholy torment.
You are immune to petrification.


Message History

Pikel barely misses you.
You climb upwards.
There is a stone staircase leading down here.
Unknown command.
You hit Pikel but do no damage.
Pikel is poisoned.
You closely miss the lemure. x2
Pikel hits you with a +1 whip of freezing.
Pikel freezes you. You block the lemure's attack.
The lemure hits you but does no damage.
You closely miss Pikel.
Pikel is lightly wounded.
You hit the lemure. x2; The lemure is poisoned.
Pikel hits you with a +1 whip of freezing.
Pikel freezes you. You block the lemure's attack. x2
You block Pikel's attack. The lemure hits you but does no damage.
The lemure hits you.
You completely miss Pikel.
Pikel is lightly wounded.
You hit the lemure. You barely miss the lemure.
Pikel hits you with a +1 whip of freezing.
Pikel freezes you. The lemure hits you but does no damage.
The lemure closely misses you.
Unknown command.
You hit Pikel.
Pikel looks even sicker.
Pikel is lightly wounded.
You hit the lemure.
The lemure looks as sick as possible!
You hit the lemure.
The lemure is poisoned.
Pikel hits you with a +1 whip of freezing.
Pikel freezes you. The lemure barely misses you. x2
Pikel hits you with a +1 whip of freezing!
* * * LOW HITPOINT WARNING * * *
Pikel freezes you.
* * * LOW HITPOINT WARNING * * *
You block the lemure's attack. The lemure hits you but does no damage.
You closely miss Pikel.
Pikel is lightly wounded.
You barely miss the lemure. x2; Pikel hits you but does no damage.
The lemure hits you.
* * * LOW HITPOINT WARNING * * *
The lemure hits you.
You die...

....#..................#.##......
.....##................#..#......
.....##................##.#......
################.......##..##...#
.###...#..#..#.#......####.######
.#.###.).##.##.#.....## ##.#
#..#.###....#..#.....# #.##
#.#..#.###....##K...## ##.#
###.#..#.###...#@5.## #.##
..###.#..#.###.#.5## ##.#
#...###.#..#.#'#.## #.##
###)..###......### ##.#
..##..##.#..#.## #.##
#....##.#..#.### ##.#
##..##.#..#.##.# #..
...##.#..#.##..# ##.
..##.#..#.##..## #.


You could see Pikel (very poisoned) and 2 lemures.

Vanquished Creatures
  A lemure (D:4)
  2 scorpions
  A jelly (D:4)
  3 gnolls (D:4)
  7 adders
  3 worms
  4 dart slugs
  4 orcs
  6 endoplasms
  4 giant cockroaches
  9 goblins
  8 hobgoblins
  2 jackals (D:2)
  3 quokkas
  9 ball pythons
  A bat (D:2)
  3 frilled lizards
  11 kobolds
  5 rats
86 creatures vanquished.

Vanquished Creatures (others)
  10 plants (D:2)
10 creatures vanquished.

Grand Total: 96 creatures vanquished

Notes
Turn   | Place    | Note
-------+----------+-------------------------------------------
     0 | D:1      | bande the Gargoyle Fighter began the quest for the Orb.
     0 | D:1      | Reached XP level 1. HP: 14/14 MP: 1/1
   144 | D:1      | Found a faded altar of an unknown god.
   183 | D:1      | Reached XP level 2. HP: 19/19 MP: 2/2
   813 | D:2      | Reached XP level 3. HP: 24/24 MP: 3/3
  1263 | D:2      | Reached XP level 4. HP: 27/29 MP: 4/4
  1708 | D:3      | Noticed a scorpion
  1723 | D:3      | Killed a scorpion
  1724 | D:3      | Reached XP level 5. HP: 20/33 MP: 5/5
  2687 | D:4      | Reached XP level 6. HP: 37/38 MP: 6/6
  2806 | D:4      | Found a sacrificial altar of Ru.
  3066 | D:4      | Found a glowing golden altar of the Shining One.
  3725 | D:5      | Entered Level 5 of the Dungeon
  3725 | D:5      | Noticed Pikel
  3860 | D:4      | Slain by a lemure

Illustrated notes

Levels and vault maps discovered:
D:1:      dpeg_arrival_three_smaller_balls, layout_rooms,
          ebering_ecumenical_altar_rust
D:2:      wad_lake_hut, layout_rooms, serial_rivers,
          chequers_serial_rivers_room_b, chequers_serial_rivers_large_a,
          chequers_serial_rivers_room_b, chequers_serial_rivers_micro_a,
          chequers_serial_rivers_micro_a, chequers_serial_rivers_small_3
D:3:      layout_loops_ring, serial_bayou_crossing
D:4:      minmay_razor_zed, layout_cave_pods, mainiacjoe_overflow_catch_the_wave
D:5:      layout_rooms, uniq_pikel

Skill      XL: |  1  2  3  4  5  6 |
---------------+-------------------+-----
Axes           | 2 3 4 |  4.0
Armour         | 4 |  4.6
Fighting       | 4 |  4.3
Shields        | 4 |  4.5
Evocations     | |  0.2

Action                   |  1- 3 |  4- 6 || total
-------------------------+-------+-------++-------
Melee: War axe           |   121 |   148 ||   269
  Use: Scroll            |     2 |     6 ||     8
Armor: Scale mail        |    59 |    49 ||   108
       Pearl dragon scal |       |    10 ||    10
Dodge: Dodged            |    49 |    53 ||   102
Block: Buckler           |    58 |    86 ||   144
       Reflection        |     4 |       ||     4

Table legend: (Time is in decaauts)
 A = Elapsed time spent in this place.
 B = Non-inter-level travel time spent in this place.
 C = Inter-level travel time spent in this place.
 D = Time resting spent in this place.
 E = Time spent auto-exploring this place.
 F = Levels seen in this place.
 G = Mean time per level.
                   A        B        C        D        E       F      G
               +--------+--------+--------+--------+--------+-----+--------+
         Total |   4022 |   3890 |    132 |    514 |   2663 |   5 |  804.4 |
       Dungeon |   4022 |   3890 |    132 |    514 |   2663 |   5 |  804.4 |
               +--------+--------+--------+--------+--------+-----+--------+

Top non-repeatable levels by time:
     D:4: 1413 daAuts
     D:2: 943 daAuts
     D:3: 873 daAuts
     D:1: 787 daAuts
     D:5: 5 daAuts
